AoeStats
← kable.xpress

Arabia

503673487Analyzed
1v1 RM · 1mo ago on Sep 1, 2026· 39m 57s· 2 players
Game mode
Random Map
Map size
Tiny (2 player)
Population
200
Speed
Normal
Resources
Standard
Victory
Conquest
Starting age
Dark Age
Ending age
Imperial Age
RankedLock teamsTeams togetherTeam positionsShared explorationLock speedFull tech treeHidden civsTurbo modeCheats
Victory
Defeat
🇦🇷 Byzantines · Argentina
2161
+17
🇹🇷 Khmer · Türkiye
2179
-17
kable.xpress
6:33 Loom
8:52 Feudal Age
10:23 Double-Bit Axe
12:34 Horse Collar
16:24 Wheelbarrow
19:19 Castle Age
18:53 Fletching
19:05 Gold Mining
20:11 Bow Saw
20:16 Padded Archer Armor
20:17 Bodkin Arrow
20:26 Elite Skirmisher
21:11 Padded Archer Armor
22:20 Leather Archer Armor
24:32 Ballistics
28:28 Scale Barding Armor
28:48 Hand Cart
31:19 Chain Barding Armor
32:22 Forging
32:36 Sanctity
35:32 Imperial Age
33:53 Iron Casting
33:46 Husbandry
35:23 Heavy Plow
35:37 Heavy Camel Rider
36:20 Bracer
37:40 Chemistry
36:26 Crossbowman
37:55 Conscription
37:54 Thumb Ring
39:13 Plate Barding Armor
38:14 Arbalester
39:00 Stone Mining
41:05 Ring Archer Armor
Hackali
6:03 Loom
9:06 Feudal Age
9:49 Double-Bit Axe
10:15 Horse Collar
14:38 Wheelbarrow
15:11 Wheelbarrow
17:04 Gold Mining
19:51 Castle Age
18:39 Padded Archer Armor
18:36 Fletching
19:46 Fletching
20:31 Bodkin Arrow
21:12 Bow Saw
21:59 Scale Barding Armor
22:15 Heavy Plow
21:37 Crossbowman
22:26 Husbandry
23:29 Town Watch
24:47 Chain Barding Armor
25:27 Bloodlines
28:14 Forging
31:25 Iron Casting
31:54 Scale Mail Armor
31:30 Pikeman
36:25 Imperial Age
34:39 Stone Mining
35:43 Chain Mail Armor
36:22 Arson
36:01 Light Cavalry
36:26 Halberdier
37:48 Plate Barding Armor
37:07 Cavalier
39:11 Blast Furnace
38:30 Capped Ram
Connection lost

Rejoining the realm…

Still unreachable

The connection could not be restored.

Session expired

The server has moved on; the page needs a fresh start.